 Dungeon Crawl Stone Soup version 0.29.0-5-ge4962eb29e (webtiles) character file.

Game seed: 10814848432590241547

20510 KamiKatze the Severer (level 12, -16/165 HPs)
             Began as a Minotaur Berserker on Aug 28, 2022.
             Was an Elder of Trog.
             Demolished by an orc knight
             ... wielding a +0 battleaxe
              (31 damage)
             ... on level 11 of the Dungeon on Aug 29, 2022.
             The game lasted 01:08:28 (12095 turns).

KamiKatze the Severer (Minotaur Berserker)         Turns: 12095, Time: 01:08:28

Health: -16/165    AC: 12    Str: 27    XL:     12   Next: 46%
Magic:  11/11      EV: 14    Int: 10    God:    Trog [****..]
Gold:   702        SH:  0    Dex: 10    Spells: 11/11 levels left

rFire   . . .      SeeInvis .   e - +3 battleaxe (freeze)
rCold   . . .      Faith    .   (shield currently unavailable)
rNeg    . . .      Spirit   .   l - +2 ring mail {rPois}
rPois   +          Reflect  .   (helmet restricted)
rElec   .          Harm     .   u - +0 cloak
rCorr   .          Rampage  .   P - +0 pair of gloves
Will    .....                   (no boots)
Stlth   ..........              c - amulet of regeneration
HPRegen 1.17/turn               B - +6 ring of intelligence
MPRegen 0.12/turn               (no ring)

@: berserking, very quick
A: horns 2, retaliatory headbutt
a: Renounce Religion, Berserk, Trog's Hand, Brothers in Arms


You were on level 11 of the Dungeon.
You worshipped Trog.
Trog was greatly pleased with you.
You visited 2 branches of the dungeon, and saw 12 of its levels.
You also visited: Bailey.

You collected 726 gold pieces.
You spent 24 gold pieces at shops.

Inventory:

Hand Weapons
 a - a +1 hand axe
 e - a +3 battleaxe of freezing (weapon)
 n - a +0 flail
 t - a +1 war axe of freezing
 w - a +0 scimitar of flaming
 z - a +0 mace of protection
 O - a +0 vampiric scimitar
 Q - a +0 dire flail
Missiles
 h - 84 stones
 D - 10 throwing nets
 T - 13 poisoned darts (quivered)
Armour
 j - a +0 crystal plate armour
 l - a +2 ring mail of poison resistance (worn)
 p - a +0 scale mail
 u - a +0 cloak (worn)
 A - a +0 plate armour
 E - a +0 chain mail
 G - a +0 buckler
 N - a +0 kite shield
 P - a +0 pair of gloves (worn)
 U - a +0 tower shield of cold resistance
Jewellery
 b - a ring of fire
 c - an amulet of regeneration (around neck)
 B - a +6 ring of intelligence (left hand)
Wands
 y - a wand of paralysis (7)
 J - a wand of polymorph (11)
 S - a wand of mindburst (7)
Scrolls
 d - a scroll of butterflies {unknown}
 m - a scroll of enchant weapon
 o - 2 scrolls of vulnerability {unknown}
 r - a scroll of immolation {unknown}
 s - a scroll of enchant armour {unknown}
 v - 7 scrolls of teleportation
 H - a scroll of silence
 K - 2 scrolls of summoning {unknown}
 M - a scroll of brand weapon {unknown}
 R - a scroll of amnesia {unknown}
Potions
 f - 2 potions of might
 g - 12 potions of curing
 i - 3 potions of heal wounds
 k - 4 potions of attraction
 q - 4 potions of lignification
 C - 2 potions of invisibility
 F - 3 potions of flight
 I - a potion of magic {unknown}
 L - a potion of berserk rage
Miscellaneous
 x - a tin of tremorstones (2/2)


   Skills:
 + Level 11.3 Fighting
 * Level 15.3 Axes
 + Level 11.0 Armour
 + Level 10.1 Dodging
 + Level 5.6 Evocations


You had 11 spell levels left.
You didn't know any spells.
Your spell library was empty.

Dungeon Overview and Level Annotations

Branches:
Dungeon (11/15)            Temple (1/1) D:6             Orc (0/2) D:9
 Bailey (visited)
   Lair: D:8-11

Altars:
Ashenzari
Cheibriados
Dithmenos
Elyvilon
Fedhas
Gozag
Hepliaklqana
Kikubaaqudgha
Makhleb
Nemelex Xobeh
Okawaru
Qazlal
Ru
Sif Muna
Trog
Uskayaw
Vehumet
Wu Jian
Xom
Yredelemnul
Zin
The Shining One

Shops:
D:3 ?

Annotations:
D:8 3 runed translucent doors, exclusion: 3 doors, vilexx's ghost, novice OpTm
D:10 2 runed translucent doors, exclusion: 2 doors, NoOffense's ghost, novice TrBr


Innate Abilities, Weirdness & Mutations

You have a pair of horns on your head.
You reflexively headbutt those who attack you in melee.


Message History

You hit the orc knight. You freeze the orc knight.
The orc knight is lightly wounded.
The orc knight misses you.
You slash the orc knight! You freeze the orc knight.
The orc knight is moderately wounded.
The orc knight hits you with a +0 battleaxe!
You slice the orc knight!! You freeze the orc knight.
Your headbutt misses the orc knight.
The orc knight is severely wounded.
The orc knight misses you.
You hit the orc knight but do no damage.
You headbutt the orc knight, but do no damage.
The orc knight is severely wounded.
The orc knight hits you with a +0 battleaxe!!
* * * LOW HITPOINT WARNING * * *
You barely miss the orc knight.
The orc knight is severely wounded.
The orc knight hits you with a +0 battleaxe.
* * * LOW HITPOINT WARNING * * *
You hit the orc knight but do no damage.
Your headbutt misses the orc knight.
The orc knight is severely wounded.
The orc knight hits you with a +0 battleaxe.
* * * LOW HITPOINT WARNING * * *
You closely miss the orc knight.
The orc knight is severely wounded.
The orc knight barely misses you.
A red film seems to cover your vision as you go berserk!
You feel yourself moving faster!
You feel mighty!
The orc knight hits you with a +0 battleaxe!!
* * * LOW HITPOINT WARNING * * *
You miss the orc knight. You headbutt the orc knight!
The orc knight is severely wounded.
You barely miss the orc knight.
The orc knight is severely wounded.
The orc knight barely misses you.
You miss the orc knight. You headbutt the orc knight.
The orc knight is almost dead.
The orc knight hits you with a +0 battleaxe!!
You die...

....#[...#.#.#.#).##########
##..)[.##.##...##.##........
.##...##..#..#..#..#........
..##.##..####.###...........
#..#.#..###...o.##..........
#..#..# #....#..##.........
##.## #..#..##..##........
... #..##..###o.#.#+###+#
#.# #.#..@..#.. ...
.###.........# # .# ..
#.###.#....'. .# ###..
..#....#. #### #.. .##...##
#... #.. .# ..# ..... ... #
.. .... ##.# ... # .#


You could see an orc knight.

Vanquished Creatures
  A boulder beetle (D:11)
  A hydra (D:11)
  An ogre mage (D:11)
  6 two-headed ogres
  A tengu warrior (D:11)
  3 cyclopes (D:11)
  A manticore (D:11)
  2 ugly things
  A gargoyle (D:11)
  An unseen horror (D:11)
  An efreet (D:11)
  2 freezing wraiths (D:11)
  A komodo dragon (D:11)
  7 trolls
  2 hornets
  Prince Ribbit (D:5)
  2 vampires (D:11)
  3 shadows
  11 yaks
  3 wraiths
  A wyvern (D:10)
  3 vampire mosquitoes
  Grum (Bailey)
  2 steam dragons
  An acid dragon (D:11)
  A water moccasin (D:7)
  3 ice beasts
  An orc warrior (D:11)
  3 black bears
  3 ogres
  5 wolves (Bailey)
  5 centaurs
  A kobold brigand (D:9)
  3 bullfrogs
  A necrophage (D:5)
  10 gnoll sergeants
  2 scorpions
  10 wights
  5 killer bees (D:8)
  4 howler monkeys
  An iron imp (D:10)
  5 hounds
  2 orc priests
  Crazy Yiuf (D:2)
  7 gnoll boudas
  A jelly (D:7)
  Terence (D:2)
  5 iguanas
  6 orc wizards
  27 gnolls
  9 adders
  A white imp (D:8)
  2 ufetubi
  2 worms
  3 dart slugs
  15 orcs
  8 ball pythons
  3 endoplasms
  5 giant cockroaches
  12 hobgoblins
  8 jackals
  15 kobolds
  7 quokkas
  7 bats
  7 frilled lizards
  16 goblins
  10 rats
  A butterfly (D:6)
303 creatures vanquished.

Vanquished Creatures (others)
  A human (D:4)
1 creature vanquished.

Grand Total: 304 creatures vanquished

Notes
Turn   | Place    | Note
-------+----------+-------------------------------------------
     0 | D:1      | KamiKatze the Minotaur Berserker began the quest for the
                  | Orb.
     0 | D:1      | Reached XP level 1. HP: 19/19 MP: 0/0
   224 | D:1      | Reached XP level 2. HP: 23/27 MP: 1/1
   227 | D:1      | Reached skill level 4 in Axes
   578 | D:1      | Noticed an eye of devastation
   579 | D:1      | Found a faded altar of an unknown god.
   582 | D:1      | Noticed an eye of devastation
   582 | D:1      | Noticed a great orb of eyes
   582 | D:1      | Noticed a floating eye
   629 | D:1      | Reached XP level 3. HP: 31/33 MP: 2/2
   668 | D:1      | Reached ** piety under Trog
   942 | D:2      | Reached XP level 4. HP: 39/40 MP: 3/3
   960 | D:2      | Noticed Terence
   971 | D:2      | Killed Terence
  1173 | D:2      | Found a runed translucent door.
  1174 | D:2      | Noticed Crazy Yiuf
  1185 | D:2      | Killed Crazy Yiuf
  1186 | D:2      | Reached skill level 5 in Axes
  1305 | D:2      | Reached XP level 5. HP: 45/47 MP: 4/4
  1520 | D:3      | Found Laxa's Magic Scroll Shop.
  1534 | D:3      | Bought a scroll of identify for 24 gold pieces
  1736 | D:3      | Found a hazy altar of Hepliaklqana.
  2009 | D:3      | Reached *** piety under Trog
  2601 | D:4      | Noticed a black bear
  2608 | D:4      | Killed a black bear
  2609 | D:4      | Reached XP level 6. HP: 55/55 MP: 5/5
  2705 | D:4      | Reached skill level 6 in Axes
  2752 | D:4      | Found an ancient bone altar of Kikubaaqudgha.
  2766 | D:4      | Found a glowing golden altar of the Shining One.
  2779 | D:4      | Noticed a human
  2781 | D:4      | Killed a human
  2839 | D:4      | Reached skill level 5 in Fighting
  3383 | D:4      | Reached XP level 7. HP: 54/61 MP: 6/6
  3535 | D:5      | Entered Level 5 of the Dungeon
  3556 | D:5      | Reached skill level 7 in Axes
  3616 | D:5      | Reached skill level 5 in Armour
  3783 | D:5      | Noticed Prince Ribbit
  3795 | D:5      | Killed Prince Ribbit
  3868 | D:5      | Found a hide-covered altar of Uskayaw.
  3871 | D:5      | Found an ornate altar of the Wu Jian Council.
  3871 | D:5      | Found a basalt altar of Yredelemnul.
  3871 | D:5      | Found a shadowy altar of Dithmenos.
  3945 | D:5      | Reached skill level 8 in Axes
  3945 | D:5      | Reached skill level 5 in Dodging
  3945 | D:5      | Reached XP level 8. HP: 70/70 MP: 7/7
  4122 | D:5      | Reached **** piety under Trog
  4462 | D:6      | Found a staircase to the Ecumenical Temple.
  4536 | Temple   | Entered the Ecumenical Temple
  4536 | Temple   | Found a transporter.
  4536 | Temple   | Found a transporter.
  4538 | Temple   | Found a transporter.
  4538 | Temple   | Found a transporter.
  4886 | D:6      | Reached skill level 9 in Axes
  5113 | D:6      | Found an iron altar of Okawaru.
  5613 | D:7      | Reached XP level 9. HP: 60/79 MP: 8/8
  5779 | D:7      | Reached skill level 10 in Axes
  5901 | D:7      | Found a flagged portal.
  5948 | Bailey   | Entered a bailey
  6899 | Bailey   | Noticed Grum
  6925 | Bailey   | Killed Grum
  6926 | Bailey   | Reached skill level 11 in Axes
  7631 | D:7      | Reached XP level 10. HP: 73/90 MP: 9/9
  7709 | D:7      | Noticed a two-headed ogre
  7749 | D:7      | Killed a two-headed ogre
  7750 | D:7      | Reached skill level 1 in Evocations
  8095 | D:8      | Found a runed translucent gate.
  8095 | D:8      | Found an opulent altar of Gozag.
  8096 | D:8      | Found a runed translucent gate.
  8096 | D:8      | Found a runed translucent gate.
  8096 | D:8      | Noticed vilexx's ghost (novice OpTm)
  8493 | D:8      | Reached skill level 12 in Axes
  9447 | D:9      | Found a shimmering blue altar of Sif Muna.
  9760 | D:9      | Noticed a two-headed ogre
  9775 | D:9      | Killed a two-headed ogre
  9893 | D:9      | Found a staircase to the Orcish Mines.
  9954 | D:9      | Found a broken altar of Ashenzari.
  9967 | D:9      | Noticed a two-headed ogre
  9973 | D:9      | Killed a two-headed ogre
 10222 | D:9      | Reached XP level 11. HP: 87/97 MP: 10/10
 10232 | D:9      | Reached skill level 13 in Axes
 10349 | D:10     | Entered Level 10 of the Dungeon
 10843 | D:10     | Found a runed translucent door.
 10844 | D:10     | Noticed a skeletal warrior
 10844 | D:10     | Noticed NoOffense's ghost (novice TrBr)
 10846 | D:10     | Noticed a necromancer
 10846 | D:10     | Noticed a lich
 10848 | D:10     | Noticed a boulder beetle
 10849 | D:10     | Noticed a skeletal warrior
 10851 | D:10     | Found a runed translucent door.
 11042 | D:10     | Found a snail-covered altar of Cheibriados.
 11109 | D:11     | Reached skill level 10 in Fighting
 11119 | D:11     | Noticed an ogre mage
 11203 | D:11     | Killed an ogre mage
 11210 | D:11     | Reached skill level 10 in Armour
 11295 | D:11     | Reached skill level 14 in Axes
 11439 | D:11     | Noticed a white ugly thing
 11469 | D:11     | Killed a white ugly thing
 11497 | D:11     | Noticed a five-headed hydra
 11524 | D:11     | Noticed a tengu warrior
 11526 | D:11     | Killed a one-headed hydra
 11537 | D:11     | Killed a tengu warrior
 11601 | D:11     | Noticed a purple ugly thing
 11610 | D:11     | Reached XP level 12. HP: 86/108 MP: 11/11
 11610 | D:11     | Noticed a two-headed ogre
 11621 | D:10     | Reached skill level 5 in Evocations
 11657 | D:10     | Killed a two-headed ogre
 11764 | D:11     | Noticed a two-headed ogre
 11773 | D:11     | Killed a two-headed ogre
 11774 | D:11     | Reached skill level 15 in Axes
 11926 | D:11     | Reached skill level 10 in Dodging
 11931 | D:11     | Noticed a two-headed ogre
 11931 | D:11     | Noticed a boulder beetle
 11946 | D:11     | Killed a two-headed ogre
 11964 | D:11     | HP: 2/165 [freezing wraith (13)]
 11966 | D:11     | Killed a boulder beetle
 12074 | D:11     | Identified the +3 plate armour of Isul {Regen+ Stlth+}
 12074 | D:11     | Identified the ring of Ipiurub {Will- EV+4 Slay+5 SInv}
 12095 | D:11     | Demolished by an orc knight

Illustrated notes

Levels and vault maps discovered:
D:1:      elethiomel_arrival_infinity_welcomes_careful_drivers, layout_rooms,
          hellmonk_ecumenical_altar_watching_god
D:2:      layout_rooms, minmay_tromino_v4_a, uniq_crazy_yiuf_cottage,
          uniq_terence
D:3:      layout_basic, nicolae_hepliaklqana_hazy_memory, serial_shops,
          shop_scrolls, chequers_serial_rivers_room_a, minmay_box_of_dots
D:4:      minmay_razor_zed, layout_basic, tgw_kikubaaqudgha, kennysheep_mini
D:5:      layout_loops_ring, grunt_temple_overflow_open, uniq_prince_ribbit1
D:6:      layout_basic, mainiacjoe_overflow_alcove_2,
          minmay_temple_entry_butterflies
D:7:      layout_cave_pools, enter_bailey_1
D:8:      layout_basic, ebering_ghost_gozag
D:9:      layout_roguey, mainiacjoe_overflow_brackets,
          mainiacjoe_overflow_tiny_flanked, orc_0_dummy
D:10:     layout_rooms, slow_altar_2, muffindrake_ghost_dual_entry
D:11:     minmay_the_grid_octo_tiled_octocenter
          [minmay_the_grid_octo_fan_narrow, minmay_the_grid_octo_odd_swirl,
          minmay_the_grid_octo_pinwheel, minmay_the_grid_octo_checkerflower,
          minmay_the_grid_octo_prize_star, minmay_the_grid_square_5x5_v,
          minmay_the_grid_square_5x5_misaligned,
          minmay_the_grid_square_5x5_pentomino_r,
          minmay_the_grid_square_5x5_three_small], layout_gridville,
          lair_entry_dummy
Temple:   hellmonk_temple_divided_pantheon

Skill      XL: |  1  2  3  4  5  6  7  8  9 10 11 12 |
---------------+-------------------------------------+-----
Axes           | 4 5 6 8 9 11 12 14 15 | 15.3
Fighting       | 4 5 6 7 8 9 10 11 | 11.3
Armour         | 3 4 5 6 8 9 10 11 | 11.0
Dodging        | 3 4 5 6 7 8 9 10 | 10.1
Evocations     | 3 4 5 |  5.6

Action                   |  1- 3 |  4- 6 |  7- 9 | 10-12 || total
-------------------------+-------+-------+-------+-------++-------
Melee: Hand axe          |    94 |   146 |   391 |   104 ||   735
       Headbutt          |    10 |    25 |    72 |    85 ||   192
       Punch             |       |       |     6 |     3 ||     9
       Battleaxe         |       |       |       |   258 ||   258
       Scimitar          |       |       |       |     6 ||     6
Throw: Dart              |       |     3 |    24 |     9 ||    36
       Stone             |       |       |     5 |       ||     5
Invok: Berserk           |       |     4 |    13 |    11 ||    28
       Trog's Hand       |       |       |     4 |     3 ||     7
Evoke: Wand              |       |       |     1 |       ||     1
  Use: Scroll            |       |     5 |     8 |     3 ||    16
       Potion            |       |       |     1 |       ||     1
 Stab: Paralysed         |       |       |     1 |       ||     1
Armor: Leather armour    |    26 |     4 |       |       ||    30
       Animal skin       |     1 |       |       |       ||     1
       Scale mail        |       |    56 |    72 |       ||   128
       Chain mail        |       |       |    37 |       ||    37
       Ring mail         |       |       |     6 |   139 ||   145
Dodge: Dodged            |    67 |    60 |   209 |   216 ||   552
